Map: Ascension to Aiur LE

Players

Whiskydog - Winner!

  • Race: Terran Terran
  • League: Silver
  • Spawn Location: 11:00

raw

  • Race: Terran Terran
  • League: Bronze
  • Spawn Location: 5:00

VOD

Have the link to the VOD?

Description

Time

  • Played on: June 21, 2017, 2:19 a.m.
  • Length: 12:27
Show
View Real Time Build Order
Export as new Build Order

Whiskydog Terran - Winner!

Build Orders: MMM Bio 

Get SALT Encoding   

  12  0:02  SCV  
  13  0:14  SCV  
  14  0:18  Supply Depot  
  14  0:26  SCV  
  15  0:39  SCV  
  15  0:41  Barracks  
  16  0:50  Refinery  
  16  0:52  SCV  
  17  1:04  SCV  
  18  1:16  SCV  
  19  1:28  Orbital Command  
  19  1:34  Barracks Reactor  
  19  1:41  Command Center  
  19  1:55  Supply Depot  
  19  2:00  Barracks  
  19  2:08  SCV  
  19  2:14  Marine  
  21  2:15  Marine  
  21  2:20  SCV  
  23  2:31  Barracks  
  23  2:33  SCV  
  23  2:36  Supply Depot  
  24  2:44  Marine x2  
  24  2:45  SCV  
  28  2:52  Barracks Tech Lab  
  27  3:03  SCV  
  29  3:07  Orbital Command  
  29  3:09  Marine x2  
  29  3:11  Marine  
  31  3:14  Supply Depot  
  31  3:15  SCV  
  31  3:16  Stimpack  
  31  3:19  Barracks Reactor  
  32  3:27  Marine, SCV  
  32  3:30  Refinery  
  34  3:35  Factory  
  34  3:40  SCV x2  
  36  3:47  Supply Depot  
  36  3:48  Marine  
  36  3:50  Marine  
  36  3:51  Marine  
  36  3:52  SCV x2  
  41  4:04  SCV, Marine  
  41  4:05  Marine  
  44  4:17  Marine x2  
  44  4:18  Marine  
  44  4:20  Starport  
  44  4:21  Factory Reactor  
  47  4:26  Engineering Bay  
  47  4:29  Engineering Bay  
  47  4:31  SCV x2  
  49  4:33  Marine  
  49  4:34  Marine  
  51  4:40  Supply Depot  
  51  4:43  SCV x2  
  53  4:48  Refinery  
  53  4:51  Marine x3  
  56  4:55  Marine x2, SCV x2  
  60  5:04  Factory Tech Lab  
  60  5:09  SCV  
  60  5:10  Bunker  
  60  5:11  SCV, Marine  
  60  5:12  Marine x2  
  65  5:16  Marine x2  
  67  5:21  Supply Depot, SCV, Terran Infantry Weapons Level 1  
  67  5:22  Terran Infantry Armor Level 1  
  67  5:23  Combat Shields, SCV  
  69  5:30  Medivac  
  69  5:33  Medivac  
  73  5:36  SCV x2  
  73  5:41  Refinery  
  75  5:48  SCV  
  76  5:52  Marine  
  76  5:53  Marine x4  
  81  6:01  Siege Tank, Barracks  
  84  6:05  Armory  
  84  6:10  Marine  
  85  6:16  Supply Depot  
  85  6:20  Supply Depot  
  85  6:21  Marine  
  86  6:37  Medivac, Marine x3  
  86  6:38  Marine  
  86  6:39  Marine  
  93  6:46  Command Center  
  93  6:51  Concussive Shells  
  93  6:54  Barracks Tech Lab  
  93  6:55  Marine, Marauder  
  93  7:01  SCV x2  
  98  7:05  Marine x2  
  98  7:06  Marine  
  101  7:13  SCV  
  102  7:53  Barracks  
  102  7:54  Terran Infantry Weapons Level 2, Terran Infantry Armor Level 2, Barracks  
  102  7:57  Medivac x2, Marine x3, Thor, SCV x2  
  117  8:00  Orbital Command  
  117  8:25  Supply Depot  
  117  8:27  Supply Depot  
  117  8:29  Supply Depot, Marine x2  
  117  8:30  Marine x2, SCV x2, Marauder x2  
  127  8:36  Medivac x2  
  131  8:42  Barracks Tech Lab  
  131  8:43  Barracks Tech Lab  
  131  8:46  Thor  
  131  8:47  Marine  
  138  8:50  Marine x2  
  138  8:51  Marine, Marauder x2  
  145  9:01  Barracks x2  
  145  9:03  Barracks  
  145  9:10  SCV x3  
  145  9:12  Starport  
  145  9:16  Terran Vehicle Weapons Level 1  
  148  9:19  Marine x4  
  148  9:22  SCV, Marauder x2  
  157  9:30  Supply Depot  
  157  9:35  Supply Depot  
  157  9:44  Refinery  
  157  9:46  Refinery  
  157  9:49  Starport  
  157  9:51  Marine x2, SCV x2  
  157  9:52  Marauder x2  
  165  9:53  Barracks Reactor  
  165  9:55  Barracks Reactor  
  165  9:56  Marine x2, SCV, Marauder x2  
  165  9:59  Barracks Reactor  
  172  10:01  Starport Tech Lab  
  172  10:04  SCV  
  173  10:14  Supply Depot  
  173  10:15  Supply Depot  
  173  10:16  Supply Depot  
  173  10:23  Supply Depot  
  173  10:36  Marine x4, SCV x2, Marauder  
  173  10:37  Marine, Marauder x2  
  173  10:41  Marine  
  173  10:42  Marine x4  
  190  10:43  Marine  
  192  11:11  SCV x2  
  192  11:12  SCV  
  192  11:17  Marine x4  
  192  11:18  Marine  
Show
View Real Time Build Order
Export as new Build Order

raw Terran 

Build Orders:  

Get SALT Encoding   

  12  0:03  SCV  
  13  0:15  SCV  
  13  0:18  Supply Depot  
  14  0:28  SCV  
  15  0:40  SCV  
  15  0:42  Barracks  
  16  0:52  SCV  
  17  1:04  SCV, Refinery  
  18  1:16  SCV  
  19  1:29  Marine  
  19  1:30  Barracks  
  19  1:31  Orbital Command  
  20  1:46  Marine  
  21  1:53  Refinery  
  21  2:09  Command Center, Barracks Tech Lab  
  21  2:17  Barracks Reactor  
  21  2:20  Engineering Bay  
  21  2:29  Supply Depot  
  21  2:33  SCV  
  22  2:50  Stimpack  
  22  2:53  Supply Depot  
  22  2:54  Marine  
  23  3:00  Terran Infantry Weapons Level 1  
  23  3:11  SCV  
  24  3:23  SCV  
  26  3:27  SCV  
  26  3:35  SCV  
  26  3:39  SCV  
  26  3:41  Factory  
  28  3:44  Marine  
  28  3:46  Marine  
  28  3:47  SCV  
  31  3:56  Marine  
  31  3:59  SCV  
  31  4:01  SCV, Marine  
  35  4:04  Marine  
  36  4:11  SCV  
  36  4:13  SCV, Marine  
  39  4:23  SCV  
  40  4:28  Refinery  
  40  4:32  SCV  
  40  4:33  Refinery  
  40  4:36  SCV  
  42  4:42  Armory  
  42  4:44  SCV  
  43  4:48  SCV  
  44  4:56  SCV  
  44  5:04  Marine x2  
  44  5:05  Marine  
  43  5:08  SCV  
  44  5:17  Barracks  
  44  5:20  SCV  
  45  5:22  Marine x2  
  45  5:23  Marine  
  45  5:27  Bunker  
  48  5:32  Bunker  
  48  5:39  Bunker  
  48  5:40  Marine x3  
  51  5:52  Terran Infantry Weapons Level 2  
  51  5:58  Marine x3  
  51  6:00  Engineering Bay  
  54  6:04  Terran Ship Weapons Level 1  
  54  6:24  Orbital Command  
  54  6:34  Terran Infantry Armor Level 1  
  54  6:35  Barracks Reactor  
  54  7:03  Starport  
  54  7:35  Marine x3  
  57  7:40  Supply Depot  
  57  7:41  Supply Depot, Starport  
  57  7:53  Command Center, Marine x3  
  57  7:57  Marine x2  
  62  8:10  Starport Tech Lab  
  62  8:11  Marine x3  
  65  8:14  Terran Infantry Weapons Level 3  
  65  8:15  Marine x2  
  65  8:17  Starport Reactor  
  67  8:24  SCV  
  68  8:29  SCV, Marine x3  
  68  8:32  Marine  
  68  8:33  Marine  
  74  8:36  SCV  
  74  8:41  SCV  
  76  8:43  Refinery  
  76  8:47  Marine  
  77  8:49  SCV  
  77  8:50  Marine x2, Refinery  
  77  8:52  Barracks  
  77  8:53  SCV  
  81  8:57  Barracks  
  81  9:01  Starport, SCV  
  82  9:05  SCV x2  
  84  9:13  SCV  
  85  9:17  SCV x2  
  87  9:25  SCV  
  87  9:29  SCV x2  
  89  9:37  SCV  
  90  9:40  Starport Tech Lab  
  90  9:41  SCV x2  
  90  9:43  Raven  
  90  9:45  Medivac x2  
  96  9:49  SCV  
  96  9:52  Marine x3  
  102  9:53  SCV x2  
  102  9:55  Barracks Reactor x2  
  104  10:01  SCV  
  105  10:10  Marine x3  
  108  10:22  Supply Depot  
  108  10:25  Supply Depot  
  108  10:26  Supply Depot  
  108  10:28  Marine  
  109  10:39  Command Center  
  109  10:43  Medivac x2, Marine x2, Raven  
  117  11:00  Medivac  
  119  11:13  Medivac x2  
  119  11:15  Starport  
  123  11:19  Refinery  
  123  11:25  Refinery  
  123  11:26  Raven  
  123  11:29  Medivac  
  127  11:33  Marine x4  
  131  11:40  SCV  
  131  11:43  Medivac x2  
  136  11:51  Marine x4  
  125  12:09  Marine x2  
Tags
 
Composition
MMM Bio
Matchup
TvT
Race
Terran
Replay Pack
SIII
Spawn Locations
Cross Positions
Add a new tag
Caveats
  • Supply blocks, unpowered buildings, or Contaminate may cause inaccurate times.
  • Supply counts are checked every 10 seconds.